 Dungeon Crawl Stone Soup version 0.28.0-62-gf88900778d (webtiles) character file.

Game seed: 18131724978632623681

63 cbfl8 the Chopper (level 4, -2/40 HPs)
             Began as a Hill Orc Berserker on July 20, 2023.
             Was a Follower of Trog.
             Killed from afar by Sigmund (9 damage)
             ... with a magic dart
             ... on level 2 of the Dungeon.
             The game lasted 00:03:34 (2071 turns).

cbfl8 the Chopper (Hill Orc Berserker)              Turns: 2071, Time: 00:03:34

Health: -2/40      AC:  7    Str: 19    XL:     4   Next: 9%
Magic:  4/4        EV: 14    Int:  7    God:    Trog [*.....]
Gold:   50         SH:  0    Dex: 12    Spells: 3/3 levels left

rFire   . . .      SeeInvis .   a - +0 hand axe
rCold   . . .      Faith    .   (no shield)
rNeg    + . .      Spirit   .   g - +1 scale mail {rN+}
rPois   .          Reflect  .   (no helmet)
rElec   .          Harm     .   (no cloak)
rCorr   .          Rampage  .   (no gloves)
Will    .....                   (no boots)
Stlth   ..........              (no amulet)
HPRegen 0.13/turn               b - +4 ring of evasion
MPRegen 0.09/turn               (no ring)

@: no status effects
A: no striking features
a: Renounce Religion, Berserk


You were on level 2 of the Dungeon.
You worshipped Trog.
Trog was aware of your devotion.
You visited 1 branch of the dungeon, and saw 2 of its levels.

You collected 50 gold pieces.

Inventory:

Hand Weapons
 a - a +0 hand axe (weapon)
Armour
 g - a +1 scale mail of positive energy (worn)
Jewellery
 b - a +4 ring of evasion (left hand)
 h - a +6 ring of dexterity
Scrolls
 e - a scroll of fear {unknown}
 f - a scroll of magic mapping {unknown}
Potions
 c - 2 potions of lignification {unknown}
 d - 2 potions of degeneration {unknown}


   Skills:
 + Level 4.2 Fighting
 + Level 5.1 Axes
 + Level 2.4 Armour
 + Level 1.8 Dodging
 + Level 0.2 Stealth
 * Level 1.0 Evocations


You had 3 spell levels left.
You didn't know any spells.
Your spell library was empty.

Dungeon Overview and Level Annotations

Branches:
Dungeon (2/15)

Altars:

Annotations:
D:2 Sigmund


Message History

You barely miss Sigmund.
Sigmund mumbles some strange words.
Sigmund flickers and vanishes!
Deactivating autopickup; reactivate with Ctrl-A.
No target in view!
No target in view!
No target in view!
You miss something. Something hits you but does no damage.
You miss something. Something hits you but does no damage.
You miss something. You barely miss something. Something hits you!
You hit something.
You hear some strange, mumbled words.
You are confused.
You bump into the rock wall.
Something hits you.
You bump into the rock wall.
You're too confused to move!
Something hits you. Something closely misses you.
You feel less confused. Something hits you but does no damage.
Something hits you!
You hit something but do no damage. You closely miss something.
Something hits you but does no damage.
You hit something. Something barely misses you.
You closely miss something. Something hits you but does no damage.
You hit something. You closely miss something.
You hear some strange, mumbled words.
A puff of flame appears from out of thin air!
The puff of flame misses you.
You miss something. Something hits you!
* * * LOW HITPOINT WARNING * * *
You barely miss something. Something hits you.
* * * LOW HITPOINT WARNING * * *
You hit something but do no damage. You miss something.
You hear some strange, mumbled words.
A magic dart appears from out of thin air!
The magic dart hits you!
You die...

#### #.# .# #.######## .#
#........# ###.# ########.# #....
### #.# #...# # ##.###.#
########..## #########...##.##
#..........# ...........^.#..##
#.#........#
...###.........#@#####.#.#####..S
##.# #.#......###{.....#.# #..#
#.###.#.......#.........#####..#
#..##.###.###...............{..#
#.........# ##..#######.######.#
##.######### #..# #.# #.# ...#
#..# #.# #.# #### #..# #.# #.# #
#..# #.# #.#


There were no monsters in sight!

Vanquished Creatures
  Terence (D:2)
  2 dart slugs (D:1)
  3 ball pythons (D:1)
  3 endoplasms
  3 giant cockroaches
  6 goblins (D:1)
  3 hobgoblins (D:1)
  3 bats
  A frilled lizard (D:1)
  3 kobolds
  3 rats (D:1)
31 creatures vanquished.

Notes
Turn   | Place    | Note
-------+----------+-------------------------------------------
     0 | D:1      | cbfl8 the Hill Orc Berserker began the quest for the Orb.
     0 | D:1      | Reached XP level 1. HP: 19/19 MP: 1/1
   342 | D:1      | Reached XP level 2. HP: 27/27 MP: 2/2
   812 | D:1      | Reached XP level 3. HP: 33/33 MP: 3/3
  1451 | D:2      | Noticed Sigmund
  1586 | D:2      | Noticed Terence
  1609 | D:2      | Killed Terence
  1610 | D:2      | Reached skill level 5 in Axes
  1610 | D:2      | Reached skill level 1 in Evocations
  1610 | D:2      | Reached XP level 4. HP: 19/40 MP: 4/4
  2071 | D:2      | Killed from afar by Sigmund

Illustrated notes

Levels and vault maps discovered:
D:1:      elethiomel_arrival_infinity_welcomes_careful_drivers, layout_basic
D:2:      layout_loops_ring, serial_shops, shop, corner_web_ring, uniq_jessica,
          uniq_terence, uniq_sigmund

Skill      XL: |  1  2  3 |
---------------+----------+-----
Fighting       | 4 |  4.2
Axes           | 5 |  5.1
Evocations     | 1 |  1.0
Armour         | |  2.4
Dodging        | |  1.8
Stealth        | |  0.2

Action                   |  1- 3 |  4- 6 || total
-------------------------+-------+-------++-------
Melee: Hand axe          |   118 |    26 ||   144
       Punch             |     1 |       ||     1
Armor: Animal skin       |    27 |       ||    27
       Ring mail         |     7 |       ||     7
       Scale mail        |       |    10 ||    10
Dodge: Dodged            |    79 |    11 ||    90
